 Dungeon Crawl Stone Soup version 0.16-a0-1885-g0f03bb0 (webtiles) character file.

10451 timbw the Cleaver (level 11, -9/60 HPs)
             Began as a Vine Stalker Berserker on Nov 7, 2014.
             Was an Elder of Trog.
             Killed from afar by an electric eel (10 damage)
             ... with a bolt of electricity
             ... on level 11 of the Dungeon.
             The game lasted 00:21:30 (3178 turns).

timbw the Cleaver (Vine Stalker Berserker)          Turns: 3178, Time: 00:21:30

Health: -9/60      AC: 12    Str: 20    XL:     11   Next: 62%
Magic:  0/15       EV:  5    Int:  4    God:    Trog [****..]
Gold:   231        SH:  0    Dex: 21    Spells: 0 memorised, 10 levels left

rFire  . . .     SeeInvis .     A - +1 battleaxe (freeze)
rCold  . . .     Clarity  .     r - +0 plate armour
rNeg   . . .     SustAb   .     (no shield)
rPois  .         Gourm    .     y - +0 helmet of Broken Taboos {Dex+4 Int-5}
rElec  .         Spirit   +     (no cloak)
rCorr  .         Warding  .     (no gloves)
rMut   .         Stasis   .     (no boots)
MR     +....                    (no amulet)
Stlth  ..........               (no ring)
                                m - +2 ring of intelligence

@: somewhat resistant to hostile enchantments, extremely unstealthy
A: fangs 3, regeneration 3, magic shield, antimagic bite, no device heal 3, rot
immunity
a: Burn Spellbooks, Berserk, Trog's Hand, Brothers in Arms, Renounce Religion


You were on level 11 of the Dungeon.
You worshipped Trog.
Trog was greatly pleased with you.
You were not hungry.

You visited 1 branch of the dungeon, and saw 11 of its levels.
You also visited: Ice Cave.

You collected 419 gold pieces.
You spent 188 gold pieces at shops.

Inventory:

Hand weapons
 a - a +0 hand axe
 n - a +3 war axe
 z - a +1 battleaxe
 A - a +1 battleaxe of freezing (weapon)
Armour
 b - a +0 animal skin
 j - a +0 chain mail
 r - a +0 plate armour (worn)
 x - the +0 scale mail of the Songs {Int-2}
   (You found it on level 10 of the Dungeon)

   It affects your intelligence (-2).
 y - the +0 helmet of Broken Taboos (worn) {Dex+4 Int-5}
   (You bought it in a shop on level 9 of the Dungeon)

   It affects your intelligence (-5).
   It affects your dexterity (+4).
 E - a troll hide
Jewellery
 m - a +2 ring of intelligence (left hand)
 C - an uncursed amulet of stasis
Magical devices
 g - a wand of flame (27)
 s - a wand of fireball (2)
 v - a wand of draining (6)
Scrolls
 d - 4 scrolls of remove curse
 e - 2 scrolls of enchant armour
 h - 4 scrolls of identify
 t - a scroll of random uselessness
 B - a scroll of vulnerability
Potions
 f - 3 potions of curing
 i - a potion of poison
 l - 2 potions of brilliance
 p - a potion of porridge
 q - a potion of mutation
 u - a potion of might
 w - a potion of haste
Miscellaneous
 D - a lamp of fire
Comestibles
 c - a bread ration
 k - 5 chunks of flesh
 o - 2 meat rations


   Skills:
 - Level 7.9 Fighting
 * Level 13.7 Axes
 + Level 3.3 Armour
 + Level 3.3 Dodging


You had 10 spell levels left.
You didn't know any spells.

Dungeon Overview and Level Annotations

Branches:
Dungeon (11/15)              Lair (0/8) D:11
 Temple: D:4-7          Orc: D:9-12

Altars:
Gozag
Nemelex Xobeh
Sif Muna

Shops:
D:8 !   D:9 ([:*!


Innate Abilities, Weirdness & Mutations

You have razor-sharp teeth.
You regenerate.
When hurt, damage is shared between your health and your magic reserves.
Your bite disrupts and absorbs the magic of your enemies.
Potions and wands cannot restore your health.
You are immune to rotting.


Message History

The bolt of electricity hits you!
Unknown command.
A hill giant skeleton comes into view.
Unknown command.
Unknown command.
The electric eel shoots out a bolt of lightning at you!
The bolt of electricity hits you!
The electric eel shoots out a bolt of lightning at you!
The bolt of electricity hits you!
* * * LOW HITPOINT WARNING * * *
The electric eel shoots out a bolt of lightning at you!
The bolt of electricity hits you!
* * * LOW HITPOINT WARNING * * *
There is a staircase to the Lair here.
The electric eel shoots out a bolt of lightning at you!
The bolt of electricity hits you!
* * * LOW HITPOINT WARNING * * *
The electric eel shoots out a bolt of lightning at you!
The bolt of electricity hits you!
You die...

,,,**,* *,,,,,,≈..,.....##.#.#
,,,,,,* *,,,.≈.≈.≈.≈.≈..##.#.####
,,,**,* *,≈..≈.≈≈≈≈≈≈≈...........
**,**,***,.≈≈.≈.≈≈≈≈≈....#.#.###.
*,**,,,,...≈≈≈≈≈≈≈≈≈≈.≈.#.#.# #.
*,**,,,,...≈≈≈≈≈≈≈≈≈≈≈≈,#.#.###.
*,****,*.≈≈≈≈Z≈.;.≈≈≈≈≈.#.......
*,* *,#..≈≈≈....;≈≈≈≈≈.###.###.
**,* *>#..≈≈.≈.@..≈;≈≈≈.# #.###.
,,,* *,#≈.≈≈≈.....≈≈≈≈≈.###.....
,,,* *,#..≈≈≈P...≈≈≈≈≈≈...,.....
*,*****,*..≈≈≈.....≈≈≈≈.##***####
*,**,,,,*...≈≈≈≈.≈≈≈≈≈..#
*,*,***,*...≈≈≈≈.≈≈.≈≈..#########
*,,**,,,,,.≈≈≈≈≈.≈≈≈..≈.#........
*,***,***,,≈≈≈≈≈.≈≈≈≈...#.#######
,,,,,,,,,,≈≈≈≈.≈.≈≈≈.≈).#.#


You could see 3 electric eels and a hill giant skeleton.

Vanquished Creatures
  Nergalle (D:10)
  2 ice devils (IceCv)
  Pikel (D:6)
  A gargoyle (D:10)
  A troll (D:11)
  A two-headed ogre (D:10)
  5 blue devils (IceCv)
  2 basilisks
  A wyvern (D:10)
  8 yaks (D:10)
  A hungry ghost (D:11)
  3 wolves (D:11)
  Edmund (D:8)
  A water moccasin (D:8)
  4 orc warriors
  3 phantoms
  A black bear (D:7)
  17 ice beasts
  An ogre (D:3)
  2 slaves (D:6)
  2 eyes of draining
  3 crocodiles (D:10)
  6 centaurs
  A gnoll sergeant (D:11)
  5 giant frogs
  A scorpion (D:4)
  A yak zombie (D:11)
  An electric eel (D:10)
  A black bear zombie (D:8)
  A centaur skeleton (D:5)
  7 orc priests
  5 hounds
  3 iguanas
  3 jellies
  12 orc wizards
  3 worker ants
  Jessica (D:2)
  A big kobold zombie (D:10)
  5 adders
  3 gnolls (D:11)
  7 white imps (IceCv)
  A worm (D:3)
  3 ufetubi (IceCv)
  An adder skeleton (D:5)
  7 giant geckos
  32 orcs
  3 bats
  2 giant cockroaches
  2 goblins (D:2)
  2 hobgoblins
  7 giant newts
  A giant spore (D:8)
  11 jackals
  6 kobolds
  7 rats
  3 ballistomycetes (D:8)
217 creatures vanquished.

Vanquished Creatures (others)
  A slave (D:6)
  2 orc wizards (D:8)
  A white imp (IceCv)
  6 ufetubi (IceCv)
  2 orcs (D:8)
  2 giant spores
  4 plants (D:10)
18 creatures vanquished.

Grand Total: 235 creatures vanquished

Notes
Turn   | Place    | Note
--------------------------------------------------------------
     0 | D:1      | timbw, the Vine Stalker Berserker, began the quest for the Orb.
     0 | D:1      | Reached XP level 1. HP: 11/11 MP: 1/1
    71 | D:1      | Reached skill level 3 in Axes
   122 | D:2      | Reached XP level 2. HP: 13/16 MP: 3/3
   203 | D:2      | Reached XP level 3. HP: 11/19 MP: 4/4
   205 | D:2      | Acquired Trog's second power
   225 | D:2      | Noticed Jessica
   237 | D:2      | Killed Jessica
   237 | D:2      | Reached skill level 4 in Axes
   308 | D:3      | Reached XP level 4. HP: 17/23 MP: 2/5
   347 | D:3      | Reached skill level 5 in Axes
   374 | D:3      | Found a sparkling altar of Nemelex Xobeh.
   419 | D:3      | Reached XP level 5. HP: 23/27 MP: 5/7
   427 | D:3      | Noticed an ogre
   431 | D:3      | Killed an ogre
   543 | D:4      | Reached skill level 6 in Axes
   543 | D:4      | Gained mutation: You heal very quickly. [vine stalker growth]
   543 | D:4      | Reached XP level 6. HP: 32/32 MP: 8/8
   578 | D:5      | Entered Level 5 of the Dungeon
   710 | D:6      | Noticed Pikel
   729 | D:6      | Killed Pikel
   729 | D:6      | Reached skill level 8 in Axes
   729 | D:6      | Reached XP level 7. HP: 11/35 MP: 3/9
   729 | D:6      | Gained mutation: You have razor-sharp teeth. [vine stalker growth]
   729 | D:6      | Reached XP level 8. HP: 12/39 MP: 3/11
   965 | D:7      | Reached skill level 9 in Axes
   991 | D:7      | Found a deep blue altar of Sif Muna.
  1170 | D:8      | Found an opulent altar of Gozag.
  1170 | D:8      | Noticed Edmund
  1181 | D:8      | Killed Edmund
  1269 | D:8      | Found Eheiffainerph's Distillery.
  1278 | D:8      | Bought a potion of might for 32 gold pieces
  1278 | D:8      | Bought a potion of curing for 26 gold pieces
  1278 | D:8      | Bought a potion of curing for 26 gold pieces
  1289 | D:8      | Reached skill level 10 in Axes
  1289 | D:8      | Reached XP level 9. HP: 29/46 MP: 12/12
  1603 | D:9      | Found Ehiasmuh's Book Shoppe.
  1604 | D:9      | Found Blavung's Armour Emporium.
  1610 | D:9      | Bought the cursed +0 helmet of Broken Taboos {Dex+4 Int-5} for 89 gold pieces
  1617 | D:9      | Acquired Trog's third power
  1746 | D:9      | Found Smuwkom's Antique Weapon Emporium.
  1749 | D:9      | Reached skill level 5 in Fighting
  1865 | D:9      | Found Qourchau's Distillery.
  1868 | D:9      | Bought a potion of poison for 15 gold pieces
  1879 | D:9      | Found Addaewk's General Store.
  1932 | D:10     | Entered Level 10 of the Dungeon
  1969 | D:10     | Noticed Nergalle
  1974 | D:10     | Noticed a spectral orc warlord
  1980 | D:10     | Killed Nergalle
  1980 | D:10     | Reached skill level 11 in Axes
  2042 | D:10     | Reached XP level 10. HP: 19/53 MP: 13/13
  2106 | D:10     | Reached skill level 12 in Axes
  2206 | D:10     | Got a blackened scale mail
  2217 | D:10     | Identified the +0 scale mail of the Songs {Int-2} (You found it on level 10 of the Dungeon)
  2602 | D:11     | Reached skill level 13 in Axes
  2602 | D:11     | Reached XP level 11. HP: 43/60 MP: 15/15
  2639 | D:11     | Found a frozen archway.
  2648 | IceCv    | Entered an ice cave
  2695 | IceCv    | Noticed an ice statue
  2695 | IceCv    | Noticed an ice statue
  2827 | IceCv    | Noticed an ice devil
  2842 | IceCv    | HP: 2/90 [ice devil (4)]
  2843 | IceCv    | Killed an ice devil
  2944 | IceCv    | Noticed an ice devil
  2963 | IceCv    | Killed an ice devil
  2995 | IceCv    | Gained mutation: You regenerate. [mutagenic glow]
  3166 | D:11     | Found a staircase to the Lair.
  3178 | D:11     | HP: 1/60 [electric eel/bolt of electricity (6)]
  3178 | D:11     | Killed from afar by an electric eel

Action                   |  1- 3 |  4- 6 |  7- 9 | 10-12 || total
-------------------------+-------+-------+-------+-------++-------
Melee: Hand axe          |    55 |    94 |    93 |       ||   242
       War axe           |       |       |   120 |    68 ||   188
       Battleaxe         |       |       |       |   222 ||   222
Invok: Berserk           |     2 |     4 |     3 |     6 ||    15
       Trog's Hand       |       |     2 |     4 |    18 ||    24
       Burn Spellbooks   |       |       |       |     1 ||     1
  Use: Scroll            |       |       |     8 |     9 ||    17
  Eat: Chunk             |       |     5 |     8 |     4 ||    17
       Pizza             |       |       |     1 |       ||     1
       Bread ration      |       |       |       |     3 ||     3
